AoeStats
← Skipper the II

Golden Pit

510035599Analyzed
1v1 RM · 4d ago on Sep 29, 2026· 79m 9s· 2 players
Game mode
Random Map
Map size
Tiny (2 player)
Population
200
Speed
Normal
Resources
Standard
Victory
Conquest
Starting age
Dark Age
Ending age
Imperial Age
RankedLock teamsTeams togetherTeam positionsShared explorationLock speedFull tech treeHidden civsTurbo modeCheats
Victory
Defeat
🇦🇺 Franks · Australia
545
+19
🇺🇸 Danes · United States
606
-19
Skipper the II
9:29 Feudal Age
10:45 Wheelbarrow
9:59 Double-Bit Axe
10:33 Town Watch
10:35 Loom
24:27 Castle Age
24:07 Forging
23:57 Scale Mail Armor
24:02 Scale Barding Armor
23:48 Fletching
23:58 Padded Archer Armor
24:11 Padded Archer Armor
25:47 Hand Cart
25:47 Bow Saw
26:05 Elite Skirmisher
28:14 Town Patrol
29:11 Ordonnance Companies
30:08 Gold Mining
30:08 Stone Mining
31:28 Iron Casting
31:09 Chain Mail Armor
38:16 Imperial Age
36:51 Husbandry
38:14 Chain Mail Armor
38:20 Chain Barding Armor
38:16 Leather Archer Armor
41:43 Light Cavalry
41:45 Cavalier
42:24 Murder Holes
42:40 Fortified Wall
42:17 Arrowslits
43:33 Chemistry
42:53 Ballistics
42:24 Guard Tower
43:14 Conscription
42:58 Chivalry
43:34 Hoardings
48:00 Blast Furnace
47:31 Plate Mail Armor
47:36 Plate Barding Armor
46:56 Bodkin Arrow
47:00 Paladin
47:30 Arson
47:45 Squires
47:06 Pikeman
49:31 Gold Shaft Mining
48:24 Halberdier
48:41 Elite Throwing Axeman
69:28 Spies/Treason
70:53 Siege Engineers
70:59 Masonry
70:30 Treadmill Crane
71:09 Fervor
71:14 Block Printing
71:25 Illumination
71:21 Sanctity
71:39 Theocracy
71:09 Devotion
71:05 Herbal Medicine
71:31 Heresy
74:27 Architecture
76:04 Cranequins
76:05 Heavy Mounted Crossbowman
76:07 Crossbowman
76:38 Gambesons
76:15 Man-at-Arms
77:20 Faith
77:15 Siphons
77:21 Clinker Construction
77:22 Careening
78:49 Coinage
78:20 Caravan
78:29 Caravan
78:36 Long Swordsman
79:46 Carvel Hull
80:02 Dry Dock
C2E7W
5:45 Loom
14:03 Feudal Age
15:06 Horse Collar
15:17 Double-Bit Axe
15:29 Town Watch
15:52 Gold Mining
20:45 Man-at-Arms
24:53 Castle Age
23:45 Scale Mail Armor
25:21 Forging
25:21 Stone Mining
25:23 Long Swordsman
25:51 Arson
26:47 Squires
26:48 Gambesons
27:46 Stone Shaft Mining
28:47 Gold Shaft Mining
29:38 Fletching
30:43 Heavy Plow
31:29 Hamask
35:03 Bow Saw
37:04 Chain Mail Armor
39:09 Wheelbarrow
41:31 Hand Cart
41:35 Town Patrol
44:30 Imperial Age
45:39 Conscription
46:03 Iron Casting
47:01 Elite Jomsviking
49:07 Plate Mail Armor
50:55 Town Patrol
53:12 Bodkin Arrow
52:47 Onager
54:13 Bracer
55:35 Siege Engineers
66:07 Blast Furnace
66:38 Hoardings
Connection lost

Rejoining the realm…

Still unreachable

The connection could not be restored.

Session expired

The server has moved on; the page needs a fresh start.